 Dungeon Crawl Stone Soup version 0.26.1-11-gd32895ea62 (webtiles) character file.

Game seed: 12047386138679648324

19 ubername the Chiller (level 2, 0/19 HPs)
             Began as a Barachi Ice Elementalist on June 18, 2021.
             Slain by Crazy Yiuf
             ... wielding a +3 quarterstaff of chaos
              (13 damage)
             ... on level 2 of the Dungeon.
             The game lasted 00:02:30 (1581 turns).

ubername the Chiller (Barachi Ice Elementalist)     Turns: 1581, Time: 00:02:30

Health: 0/19       AC:  4    Str:  9    XL:     2   Next: 75%
Magic:  5/5        EV: 12    Int: 15    God:
Gold:   57         SH:  0    Dex: 12    Spells: 4/5 levels left

rFire    . . .     SeeInvis .   c - +0 club
rCold    . . .     Faith    .   (no shield)
rNeg     . . .     Spirit   .   a - +0 robe
rPois    .         Reflect  .   (no helmet)
rElec    .         Harm     .   (no cloak)
rCorr    .         Rampage  .   (no gloves)
Will     .....                  (no boots)
Stlth    ++........             (no amulet)
HPRegen  0.06/turn              (no ring)
MPRegen  0.09/turn              (no ring)

@: lethally poisoned (0 -> -2), slow
A: +LOS, swims, talons 1, molten scales 1, slowness 1, evolution 1, strong legs
1
a: Hop


You were on level 2 of the Dungeon.
You visited 1 branch of the dungeon, and saw 2 of its levels.

You collected 57 gold pieces.

Inventory:

Hand Weapons
 c - a +0 club (weapon)
Missiles
 d - 91 stones (quivered)
Armour
 a - a +0 robe (worn)
Scrolls
 b - 3 scrolls of fear
 f - 3 scrolls of noise {unknown}
 g - a scroll of immolation {unknown}
 i - a scroll of blinking {unknown}
 j - a scroll of amnesia {unknown}
 k - a scroll of identify {unknown}
 l - 2 scrolls of magic mapping {unknown}
Potions
 e - 2 potions of ambrosia
 h - a potion of might {unknown}
 m - a potion of mutation


   Skills:
 + Level 2.4 Dodging
 + Level 1.8 Stealth
 + Level 2.3 Spellcasting
 + Level 5.5 Ice Magic


You had 4 spell levels left.
You knew the following spells:

 Your Spells              Type           Power        Failure   Level
a - Freeze                Ice            72%          2%          1

Your spell library contained the following spells:

 Spells                   Type           Power        Failure   Level
 Frozen Ramparts          Ice            36%          7%          3
 Ozocubu's Armour         Ice            18%          7%          3
 Hailstorm                Conj/Ice       10%          56%         4
 Summon Ice Beast         Ice/Summ       10%          56%         4


Dungeon Overview and Level Annotations

Branches:
Dungeon (2/15)

Altars:

Annotations:
D:2 Crazy Yiuf


Innate Abilities, Weirdness & Mutations

You can be seen from farther away. (+LOS)
You can swim through water.
You cover ground slowly.
You can hop short distances.
You have sharp toenails.
You are partially covered in molten scales. (AC +2)
You evolve.


Message History

You see here a mace.
You close the door.
You feel sick.
You feel sick.
You see here a mace.
You feel sick.
You feel sick.
You feel sick.
You feel sick.
You start resting.
There is a strange disturbance nearby!
There is a strange disturbance nearby!
You are confused.
You feel invigorated.
You feel sick.
You feel less invigorated.
You feel less confused.
You closely miss something. Your kick misses something.
You feel sick. Something hits you. Something hits you!
Ouch! That really hurt!
You die...

#..................#
########...........#
#..............
#...............
#....###########
##.### #.####♣♣♣♣♣
#..#.#..♣.♣♣♣ ####
##@......♣.)♣#...#
#.{....♣♣♣♣)+...#
##..#.♣♣ ♣♣#..)#
####♣♣ ####


There were no monsters in sight!

Vanquished Creatures
  A leopard gecko (D:1)
  2 giant cockroaches (D:1)
  2 goblins (D:1)
  2 hobgoblins (D:1)
  7 kobolds
  A bat (D:1)
  A frilled lizard (D:1)
  2 rats (D:1)
18 creatures vanquished.

Notes
Turn   | Place    | Note
-------+----------+-------------------------------------------
     0 | D:1      | ubername the Barachi Ice Elementalist began the quest for
                  | the Orb.
     0 | D:1      | Reached XP level 1. HP: 13/13 MP: 3/3
    74 | D:1      | Reached skill level 5 in Ice Magic
   381 | D:1      | Reached XP level 2. HP: 15/19 MP: 3/5
  1431 | D:2      | Gained mutation: You have sharp toenails. [potion of
                  | mutation]
  1431 | D:2      | Gained mutation: You are partially covered in molten
                  | scales. (AC +2) [potion of mutation]
  1431 | D:2      | Gained mutation: You evolve. [potion of mutation]
  1555 | D:2      | Found a runed translucent door.
  1556 | D:2      | Noticed Crazy Yiuf
  1581 | D:2      | Slain by Crazy Yiuf

Illustrated notes

Levels and vault maps discovered:
D:1:      minmay_arrival_solitary_statue, layout_loops_corners, hex_large
D:2:      minmay_roachtagon, layout_basic, eat_drink_and_be_merry_uskayaw,
          lemuel_crystal_altar, nicolae_overflow_crystal_walls,
          small_statue_intersection, nemelex_xobeh_ov_fountains_minmay,
          uniq_crazy_yiuf_cottage, uniq_natasha

Skill      XL: |  1 |
---------------+----+-----
Ice Magic      | 5 |  5.5
Dodging        | |  2.4
Stealth        | |  1.8
Spellcasting   | |  2.3

Action                   || total
-------------------------++-------
Melee: Club              ||    13
Throw: Stone             ||    14
 Cast: Freeze            ||    21
  Use: Potion            ||     5
       Scroll            ||     1
Armor: Robe              ||     3
Dodge: Dodged            ||    18
